 Dungeon Crawl Stone Soup version 0.14-a0-736-g2a71271 (webtiles) character file.

620 Malachi the Insei (level 6, -2/48 HPs)
             Began as a Draconian Transmuter on Nov 7, 2013.
             Slain by a sky beast (6 damage)
             ... on Level 5 of the Dungeon.
             The game lasted 00:10:33 (5179 turns).

Malachi the Ruffian (Draconian Transmuter)          Turns: 5179, Time: 00:10:34

HP  -2/48        AC  2     Str 12      XL: 6   Next: 75%
MP   6/9         EV 22     Int 16      God:
Gold 169         SH  0     Dex 19      Spells:  3 memorised,  3 levels left

Res.Fire  : . . .   See Invis. : .     - Unarmed
Res.Cold  : . . .   Warding    : .   (armour unavailable)
Life Prot.: . . .   Conserve   : .   (shield currently unavailable)
Res.Poison: x       Res.Corr.  : .   (helmet currently unavailable)
Res.Elec. : .       Clarity    : .   (cloak currently unavailable)
Sust.Abil.: . .     Spirit.Shd : .   g - melded +0 pair of gauntlets
Res.Mut.  : .       Stasis     : .   (boots currently unavailable)
Res.Rott. : .       Flight     : .   (no amulet)
Saprovore : . . .                    (no ring)
                                     m - +3 ring of dexterity

@: spider-form, quick, slightly resistant to hostile enchantments, fairly
stealthy
A: unfitting armour, AC +6
a: End Transformation


You were on level 5 of the Dungeon.
You were not hungry.
You were in spider-form.
You visited 1 branch of the dungeon, and saw 5 of its levels.

You collected 169 gold pieces.

Inventory:

Missiles
 b - 36 arrows
Armour
 g - a +0 pair of gauntlets (melded)
Magical devices
 c - a wand of fireball (6)
 r - a wand of random effects (0)
Comestibles
 a - 3 bread rations
 w - a rotting chunk of goblin flesh
 x - 3 rotting chunks of orc flesh
 z - 2 rotting chunks of orc flesh
Scrolls
 e - 2 scrolls of enchant weapon II
 f - 2 scrolls of fog {unknown}
 h - 4 scrolls of remove curse {unknown}
 i - a scroll of enchant weapon I {unknown}
 j - 2 scrolls of curse weapon {unknown}
 k - 2 scrolls of blinking {unknown}
 n - a scroll of noise {unknown}
 o - 2 scrolls of identify
 p - 2 scrolls of teleportation {unknown}
 v - 2 scrolls of curse armour {unknown}
Jewellery
 m - a +3 ring of dexterity (left front leg)
Books
 d - a book of Changes

   Spells                             Type                      Level
   *Beastly Appendage                 Transmutation                1
   *Sticks to Snakes                  Transmutation                2
   *Spider Form                       Transmutation/Poison         3
   Ice Form                           Ice/Transmutation            4
   Blade Hands                        Transmutation                5


   Skills:
 + Level 2.4 Fighting
 + Level 3.9 Dodging
 - Level 0.2 Stealth
 + Level 4.5 Unarmed Combat
 - Level 2.0 Spellcasting
 * Level 3.6 Transmutations
 * Level 2.3 Poison Magic
 - Level 0.4 Evocations


You had 3 spell levels left.
You knew the following spells:

 Your Spells              Type           Power        Failure   Level  Hunger
a - Beastly Appendage     Trmt           ##....       17%         1    #......
b - Sticks to Snakes      Trmt           ##........   24%         2    ###....
c - Spider Form           Trmt/Pois      ##........   41%         3    ####...


Dungeon Overview and Level Annotations

Branches:
Dungeon (5/27)
 Temple: D:4-7

Altars:
Ashenzari


Message History

* * * LOW HITPOINT WARNING * * *
You miss it. You headbutt it. You tail-slap it. It hits you but does no damage.
You aren't carrying any potions.
Unknown command.
Unknown command.
Casting: Beastly Appendage
Confirm with . or Enter, or press ? or * to list all spells.
Your horns disappear.
You turn into a venomous arachnid creature.
Your +0 pair of gauntlets melds into your body.
It hits you.
* * * LOW HITPOINT WARNING * * *
It shocks you.
* * * LOW HITPOINT WARNING * * *
It hits you but does no damage.
You barely miss it. You hit it. It hits you.
* * * LOW HITPOINT WARNING * * *
It shocks you!
You die...

... .........
..........
..........
###..........
###.....?......
......{.....#
#.......{....#
#.......s#
#.......##
....... .......
....... ......
..... .... .


There were no monsters in sight!

Vanquished Creatures
  An ogre (D:4)
  Blork the orc (D:4)
  A hound (D:4)
  A worker ant (D:4)
  An orc wizard (D:4)
  6 adders
  2 worms
  The ghost of 4tharraofdagon the Cudgeler, a weakling OgBe of Trog (D:4)
  2 giant geckos
  An ooze (D:1)
  4 orcs
  6 giant cockroaches
  12 goblins
  8 hobgoblins
  9 kobolds
  3 quokkas
  5 ball pythons
  9 bats
  5 giant newts
  11 jackals
  A quokka skeleton (D:4)
  8 rats
  A rat skeleton (D:4)
99 creatures vanquished.

Vanquished Creatures (collateral kills)
  Sigmund (D:3)
1 creature vanquished.

Vanquished Creatures (others)
  A kobold (D:5)
1 creature vanquished.

Grand Total: 101 creatures vanquished

Notes
Turn   | Place    | Note
--------------------------------------------------------------
     0 | D:1      | Malachi, the Draconian Transmuter, began the quest for the Orb.
     0 | D:1      | Reached XP level 1. HP: 16/16 MP: 1/1
   175 | D:1      | Reached XP level 2. HP: 18/23 MP: 3/3
   620 | D:1      | Found a shattered altar of Ashenzari.
  1115 | D:2      | Reached XP level 3. HP: 28/28 MP: 2/4
  1119 | D:2      | Learned a level 2 spell: Sticks to Snakes
  1123 | D:2      | Learned a level 3 spell: Spider Form
  1570 | D:2      | Reached skill level 4 in Unarmed Combat
  1570 | D:2      | Reached skill level 1 in Poison Magic
  2033 | D:2      | Reached XP level 4. HP: 32/35 MP: 6/6
  3076 | D:3      | Noticed Sigmund
  3194 | D:3      | Killed Sigmund
  3194 | D:3      | Reached XP level 5. HP: 5/41 MP: 0/7
  4196 | D:4      | Noticed Blork the orc
  4237 | D:4      | Killed Blork the orc
  4237 | D:4      | Reached XP level 6. HP: 15/48 MP: 1/9
  4520 | D:4      | Noticed 4tharraofdagon's ghost (weakling OgBe)
  4534 | D:4      | Killed 4tharraofdagon's ghost
  4641 | D:4      | Noticed an ogre
  4652 | D:4      | Killed an ogre
  5161 | D:5      | Entered Level 5 of the Dungeon
  5179 | D:5      | Slain by a sky beast

Action                   |  1- 3 |  4- 6 || total
-------------------------+-------+-------++-------
Melee: Unarmed           |   169 |   231 ||   400
 Cast: Beastly Appendage |    13 |    15 ||    28
       Sticks to Snakes  |       |     6 ||     6
       Spider Form       |       |     6 ||     6
 Abil: End Transformatio |       |     5 ||     5
Evoke: Wand              |       |    11 ||    11
  Use: Potion            |       |     5 ||     5
       Scroll            |       |     3 ||     3
